 Dungeon Crawl Stone Soup version 0.31.0-32-g396128a36d (webtiles) character file.

Game seed: 14861478595439649743

5851 ripuliukko the Thaumaturge (level 10, -10/52 HPs)
             Began as a Gargoyle Earth Elementalist on Apr 23, 2024.
             Was a Follower of Vehumet.
             Killed by the air
             ... invoked by Gastronok
              (29 damage)
             ... on level 8 of the Dungeon.
             The game lasted 00:10:38 (7505 turns).

ripuliukko the Thaumaturge (GrEE)                   Turns: 7505, Time: 00:10:39

Health: -10/52     AC: 13    Str: 18    XL:     10   Next: 81%
Magic:  0/24       EV: 17    Int: 20    God:    Vehumet [*.....]
Gold:   438        SH:  0    Dex: 10    Spells: 18/29 levels left

rFire   . . .        f - staff of conjuration
rCold   . . .        (no shield)
rNeg    + . .        a - +0 robe
rPois   ∞            (no helmet)
rElec   +            k - +2 cloak
rCorr   .            F - +0 pair of gloves
SInv    .            (no boots)
Will    .....        p - amulet of the acrobat
Stlth   ++           e - +5 ring of evasion
HPRegen 0.28/turn    z - +6 ring of strength
MPRegen 0.19/turn

%: acrobat
@: studying Polearms
A: sickness immunity, AC +7, negative energy resistance 1, electricity
resistance, torment resistance 1, petrification resistance
a: Renounce Religion


You were on level 8 of the Dungeon.
You worshipped Vehumet.
Vehumet was aware of your devotion.
You visited 2 branches of the dungeon, and saw 9 of its levels.

You collected 438 gold pieces.

Inventory:

Hand Weapons
 d - a +0 whip
 w - a +4 quarterstaff of chaos
 x - the +7 staff of the Meek {protect, meekguard}
   (You found it on level 7 of the Dungeon)
Armour
 a - a +0 robe (worn)
 k - a +2 cloak (worn)
 F - a +0 pair of gloves (worn)
Magical Staves
 f - a staff of conjuration (weapon)
 o - a staff of death
 D - the staff "Gelunagh" {rC+ rCorr Int-4 Earth}
   (You found it on level 7 of the Dungeon)

   [staff of earth]

   Base accuracy: +5 Base damage: 5 Base attack delay: 1.2 This weapon's minimum
   attack delay (0.6) is reached at skill level 12.
   Int-4:     It affects your intelligence (-4).
   rC+:       It protects you from cold.
   rCorr:     It protects you from acid and corrosion.
   Earth:     It increases the power of your Earth spells.
   It falls into the 'Staves' category.
   It is a one-handed weapon.
Jewellery
 e - a +5 ring of evasion (left hand)
 p - an amulet of the acrobat (around neck)
 z - a +6 ring of strength (right hand)
Wands
 B - a wand of iceblast (21)
Scrolls
 c - 3 scrolls of teleportation
 g - 2 scrolls of poison
 i - 2 scrolls of fear
 u - a scroll of noise
 y - a scroll of acquirement
 A - 3 scrolls of blinking
 C - a scroll of revelation
 G - a scroll of fog {unknown}
Potions
 b - 3 potions of magic
 h - a potion of brilliance {unknown}
 j - a potion of heal wounds
 l - 4 potions of curing
 m - a potion of lignification {unknown}
 n - 2 potions of might
 q - 2 potions of enlightenment {unknown}
 r - a potion of ambrosia
 s - a potion of mutation {unknown}
 t - a potion of cancellation {unknown}
 v - a potion of attraction {unknown}
 E - 3 potions of invisibility


   Skills:
 + Level 1.0 Fighting
 + Level 0.2(0.4) Maces & Flails
 + Level 0.7 Staves
 - Level 1.7 Dodging
 - Level 2.7 Stealth
 * Level 10.4 Spellcasting
 * Level 5.6 Conjurations
 + Level 0.5 Necromancy
 + Level 3.0 Ice Magic
 + Level 10.2 Earth Magic
 * Level 3.9 Evocations


You had 18 spell levels left.
You knew the following spells:

 Your Spells              Type           Power      Damage    Failure   Level
a - Sandblast             Erth           100%       2d20      1%          1
q - Stone Arrow           Conj/Erth      100%       3d13      1%          3
r - Frozen Ramparts       Ice            44%        1d7       6%          3
w - Brom's Barrelling Bo  Conj/Erth      59%        2d7       2%          4

Your spell library contained the following spells:

 Spells                   Type           Power      Damage    Failure   Level
 Shock                    Conj/Air       100%       1d9       1%          1
 Freeze                   Ice            88%        1d9       1%          1
 Passwall                 Erth           51%        N/A       1%          3
 Hailstorm                Conj/Ice       41%        3d9       3%          3
 Ensorcelled Hibernation  Hex/Ice        32%        N/A       5%          2
 Petrify                  Alch/Erth      30%        N/A       9%          4
 Scorch                   Fire           20%        2d5       10%         2
 Swiftness                Air            10%        N/A       21%         3
 Flame Wave               Conj/Fire      32%        2d9       21%         4
 Summon Cactus Giant      Summ           5%         N/A       100%        6


Dungeon Overview and Level Annotations

Branches:
Dungeon (8/15)             Temple (1/1) D:7
   Lair: D:8-11

Altars:
Ashenzari
Cheibriados
Gozag
Hepliaklqana
Kikubaaqudgha
Makhleb
Nemelex Xobeh
Qazlal
Ru
Sif Muna
Trog
Vehumet
Wu Jian
Xom
Yredelemnul

Annotations:
D:8 1 runed translucent door, Gastronok; Syis's ghost, novice DECj


Innate Abilities, Weirdness & Mutations

You are immune to sickness and miasma.
Your stone body is resilient. (AC +7)
You are immune to poison.
You resist negative energy. (rN+)
You are resistant to electric shocks. (rElec)
You are resistant to unholy torment.
You are immune to petrification.


Message History

You feel a surge of power!
The stone arrow hits Gastronok!!
Gastronok is almost dead.
Unknown command.
Casting: Stone Arrow (safe; 1% risk of failure)
Confirm with . or Enter, or press ? or * to list all spells.
Aiming: Stone Arrow (safe; 1% risk of failure)
Press: ? - help, Shift-Dir - straight line, f/p - Gastronok
Aim: Gastronok, wearing a +2 hat of willpower (almost dead, 100% to hit)
You feel a surge of power!
The stone arrow hits Gastronok!
Gastronok is almost dead.
Gastronok waves his eye-stalks in wide circles.
The air twists around and strikes you!!
* * * LOW HITPOINT WARNING * * *
Casting: Stone Arrow (safe; 1% risk of failure)
Confirm with . or Enter, or press ? or * to list all spells.
You don't have enough magic to cast this spell.
Unknown command.
Okay, then.
You feel much better. Gastronok bites you!
Casting: Stone Arrow (safe; 1% risk of failure)
Confirm with . or Enter, or press ? or * to list all spells.
Aiming: Sandblast (safe; 1% risk of failure)
Press: ? - help, Shift-Dir - straight line, f/p - Gastronok
Aim: Gastronok, wearing a +2 hat of willpower (almost dead, 100% to hit)
The blast of sand hits Gastronok but does no damage.
Gastronok is almost dead.
Unknown command.
Casting: Sandblast (safe; 1% risk of failure)
Confirm with . or Enter, or press ? or * to list all spells.
Aiming: Sandblast (safe; 1% risk of failure)
Press: ? - help, Shift-Dir - straight line, f/p - Gastronok
Aim: Gastronok, wearing a +2 hat of willpower (almost dead, 100% to hit)
The blast of sand hits Gastronok.
Gastronok is almost dead.
Gastronok gurgles.
Gastronok waves his eye-stalks in wide circles.
The air twists around and strikes you!!
Ouch! That really hurt!
You die...
Gastronok gurgles, "Let's see if you taste as good as that wizard did."

#. .# ...... #####.#
..... #.....## #
.... #.##...###. ...
#.##.##...# ..
#.##.# #.####.#
#.##.####.##.#w#
#.##.........@.#
#.#######......###.#
#.# #.........(# #.#
##.....##### #.#
##...## ####.# ##.##
.....# #.# ####.#
#.# ###.##### #..


You could see Gastronok.

Vanquished Creatures
  Pikel (D:8)
  A deep elf pyromancer (D:7)
  A cyclops (D:7)
  A gargoyle (D:7)
  An unseen horror (D:7)
  Grinder (D:3)
  A hornet (D:6)
  A dream sheep (D:4)
  A slime creature (D:7)
  Eustachio (D:5)
  A steam dragon (D:6)
  2 acid dragons (D:5)
  2 water moccasins (D:7)
  2 ice beasts (D:7)
  A black bear (D:6)
  2 orc warriors (D:7)
  A sky beast (D:6)
  2 ogres
  A lemure (D:8)
  A kobold brigand (D:7)
  3 bullfrogs (D:7)
  2 gnoll sergeants (D:7)
  A scorpion (D:6)
  6 killer bees (D:7)
  3 howler monkeys
  A bombardier beetle (D:4)
  7 hounds
  Crazy Yiuf (D:4)
  2 orc priests (D:7)
  3 sleepcaps
  3 jellies
  4 iguanas
  6 orc wizards
  Natasha (thrice) (D:4)
  10 gnolls
  7 adders
  3 shadow imps (D:6)
  4 white imps
  8 ufetubi
  3 dart slugs
  2 ribbon worms (D:2)
  25 orcs
  6 ball pythons
  7 endoplasms
  7 goblins
  8 hobgoblins
  2 jackals
  13 kobolds
  6 bats
  16 frilled lizards
  8 rats
  A spectral kobold (D:6)
206 creatures vanquished.

Vanquished Creatures (collateral kills)
  3 boulders
3 creatures vanquished.

Vanquished Creatures (others)
  4 dream sheep (D:4)
  2 boulders
6 creatures vanquished.

Grand Total: 215 creatures vanquished

Notes
Turn   | Place    | Note
-------+----------+-------------------------------------------
     0 | D:1      | ripuliukko the Gargoyle Earth Elementalist began the quest
                  | for the Orb.
     0 | D:1      | Reached XP level 1. HP: 10/10 MP: 3/3
   187 | D:1      | Found a faded altar of an unknown god.
   187 | D:1      | Noticed an Ice Fiend
   215 | D:1      | Reached XP level 2. HP: 15/15 MP: 1/5
   717 | D:1      | Reached XP level 3. HP: 19/19 MP: 3/6
  1191 | D:1      | Learned a level 3 spell: Stone Arrow
  1808 | D:2      | Reached XP level 4. HP: 24/24 MP: 3/8
  2316 | D:3      | Noticed Grinder
  2339 | D:2      | Reached XP level 5. HP: 15/28 MP: 1/10
  2440 | D:3      | Killed Grinder
  2441 | D:3      | Reached skill level 5 in Earth Magic
  2441 | D:3      | Reached XP level 6. HP: 27/32 MP: 0/13
  2699 | D:3      | Reached skill level 5 in Spellcasting
  3125 | D:4      | Noticed a dream sheep
  3125 | D:4      | Noticed a dream sheep
  3125 | D:4      | Noticed a dream sheep
  3125 | D:4      | Noticed a dream sheep
  3125 | D:4      | Noticed a dream sheep
  3125 | D:4      | Found a shimmering altar of Xom.
  3127 | D:4      | Killed a dream sheep
  3127 | D:4      | Killed a dream sheep
  3127 | D:4      | Killed a dream sheep
  3127 | D:4      | Killed a dream sheep
  3128 | D:4      | Killed a dream sheep
  3129 | D:4      | Reached XP level 7. HP: 36/36 MP: 10/14
  3310 | D:4      | Found a basalt altar of Yredelemnul.
  3311 | D:4      | Found an opulent altar of Gozag.
  3312 | D:4      | Found an ornate altar of the Wu Jian Council.
  3354 | D:4      | Noticed Natasha
  3363 | D:4      | Killed Natasha
  3640 | D:4      | Found a runed translucent door.
  3641 | D:4      | Noticed Crazy Yiuf
  3875 | D:4      | Killed Crazy Yiuf
  3978 | D:4      | Noticed Natasha
  3982 | D:4      | Killed Natasha
  4009 | D:4      | Noticed Natasha
  4015 | D:4      | Killed Natasha
  4030 | D:5      | Entered Level 5 of the Dungeon
  4044 | D:5      | Reached skill level 1 in Evocations
  4208 | D:5      | Reached XP level 8. HP: 41/41 MP: 14/17
  4217 | D:5      | Learned a level 4 spell: Brom's Barrelling Boulder
  4645 | D:5      | Found a shimmering blue altar of Sif Muna.
  4878 | D:5      | Noticed Eustachio
  4884 | D:5      | Killed Eustachio
  4987 | D:5      | Learned a level 3 spell: Frozen Ramparts
  5025 | D:6      | Noticed a hornet
  5031 | D:6      | Killed a hornet
  5032 | D:6      | Reached skill level 1 in Ice Magic
  5032 | D:6      | Reached XP level 9. HP: 46/46 MP: 6/20
  5599 | D:6      | Found a hazy altar of Hepliaklqana.
  5767 | D:6      | Found an ancient bone altar of Kikubaaqudgha.
  5781 | D:6      | Identified a scroll of acquirement
  5781 | D:6      | Acquired a staff of conjuration
  6051 | D:7      | Found the +7 staff of the Meek {protect, meekguard}
  6132 | D:7      | Found a staircase to the Ecumenical Temple.
  6141 | Temple   | Entered the Ecumenical Temple
  6159 | Temple   | Became a worshipper of Vehumet
  6310 | D:7      | Noticed a deep elf pyromancer
  6313 | D:7      | Killed a deep elf pyromancer
  6314 | D:7      | Reached XP level 10. HP: 26/51 MP: 10/23
  6347 | D:7      | Reached skill level 5 in Conjurations
  6439 | D:7      | Noticed a cyclops
  6445 | D:7      | Killed a cyclops
  6552 | D:7      | Identified the staff "Gelunagh" {rC+ rCorr Int-4 Earth}
  6567 | D:7      | Killed an unseen horror
  6745 | D:7      | Noticed a gargoyle
  6774 | D:7      | Killed a gargoyle
  6775 | D:7      | Reached skill level 10 in Spellcasting
  6775 | D:7      | Reached skill level 10 in Earth Magic
  6922 | D:7      | Reached * piety under Vehumet
  6922 | D:7      | Offered knowledge of Shock by Vehumet.
  7292 | D:8      | Noticed Pikel
  7301 | D:8      | Killed Pikel
  7302 | D:8      | Reached skill level 1 in Fighting
  7409 | D:8      | Noticed Syis's ghost (novice DECj)
  7422 | D:8      | Found a runed translucent door.
  7486 | D:8      | Noticed Gastronok
  7505 | D:8      | Killed from afar by Gastronok

Illustrated notes

Levels and vault maps discovered:
D:1:      dpeg_arrival_houses_and_road, layout_basic,
          dreamdust_ecumenical_altar_sealed_demon, minivault_26
D:2:      layout_loops_ring, eino_curves_01, dreamdust_princess_bridge,
          minmay_misc_feat_tower, cheibrodos_gnoll_hut
D:3:      layout_rooms, minmay_lizard_king, uniq_grinder
D:4:      layout_rooms, kb_xom_exploding_sheep,
          chequers_temple_overflow_statue_of_worship, uniq_crazy_yiuf_cottage,
          uniq_natasha
D:5:      layout_gridville, nicolae_sif_muna_little_library,
          nicolae_concentric_dashed_squares_mild, minmay_manual_monstrance,
          uniq_eustachio
D:6:      minmay_evil_eye, layout_rooms, general_overflow_altar,
          nicolae_hepliaklqana_monster_ancestors
D:7:      nzn_winding_woodlands_small [nzn_winding_woodlands_5x15_sidewinder,
          nzn_winding_woodlands_center_triple_pond,
          nzn_winding_woodlands_5x15_pockets], layout_rooms,
          minmay_temple_entry_antechambers, pf_guarded_unrand_meek
D:8:      gammafunk_cloud_chamber, layout_loops_ring,
          gammafunk_temple_overflow_elements, hellmonk_ghost_big_iron,
          uniq_pikel, uniq_gastronok, uniq_maggie
Temple:   hellmonk_temple_forest_ring

Skill      XL: |  1  2  3  4  5  6  7  8  9 10 |
---------------+-------------------------------+-----
Earth Magic    | 4 5 6 7 9 10 | 10.2
Spellcasting   | 3 4 5 6 7 9 10 | 10.4
Conjurations   | 2 3 4 5 |  5.6
Evocations     | 1 2 3 |  3.9
Ice Magic      | 1 2 3 |  3.0
Fighting       | 1 |  1.0
Maces & Flails | |  0.2
Staves         | |  0.7
Dodging        | |  1.7
Stealth        | |  2.7
Necromancy     | |  0.5

Action                     |  1- 3 |  4- 6 |  7- 9 | 10-12 || total
---------------------------+-------+-------+-------+-------++-------
  Melee: Whip              |       |    23 |       |       ||    23
         Staff             |       |     6 |    22 |     6 ||    34
         Quarterstaff      |       |       |     5 |       ||     5
         Punch             |       |       |     1 |       ||     1
   Cast: Sandblast         |    57 |    50 |   162 |    38 ||   307
         Stone Arrow       |       |     3 |    28 |    18 ||    49
         Brom's Barrelling |       |       |     2 |     7 ||     9
    Use: Scroll            |       |     5 |     9 |     2 ||    16
         Potion            |       |       |     1 |     3 ||     4
 Armour: Robe              |     5 |    35 |    64 |    28 ||   132
  Dodge: Dodged            |    15 |    80 |   132 |    30 ||   257
